Map: Dreamcatcher LE

Players

Charlie - Winner!

  • Race: Terran Terran
  • League: Silver
  • Spawn Location: 5:00

StArKiiLL

  • Race: Protoss Protoss
  • League: Silver
  • Spawn Location: 11:00

VOD

Have the link to the VOD?

Description

Time

  • Played on: Nov. 4, 2018, 6:33 p.m.
  • Length: 17:01
Show
View Real Time Build Order
Export as new Build Order

Charlie Terran - Winner!

Build Orders:  

Get SALT Encoding   

  12  0:01  SCV  
  13  0:13  SCV  
  14  0:17  Supply Depot  
  14  0:25  SCV  
  15  0:30  Refinery  
  15  0:39  SCV  
  16  0:46  Barracks  
  16  0:51  SCV  
  17  1:03  SCV  
  18  1:10  Refinery  
  18  1:15  SCV  
  19  1:42  Barracks Reactor, Orbital Command  
  19  1:45  Factory  
  19  2:01  Supply Depot  
  19  2:10  SCV  
  20  2:18  Marine x2  
  22  2:23  SCV  
  23  2:32  Factory Tech Lab  
  23  2:33  Starport  
  23  2:35  SCV  
  23  2:36  Marine x2  
  26  2:47  SCV  
  27  2:54  Marine x2  
  29  2:59  SCV  
  30  3:10  Supply Depot  
  30  3:12  SCV, Supply Depot  
  31  3:16  Factory Tech Lab  
  31  3:28  Cloaking Field  
  31  3:31  Marine x2, Banshee, SCV  
  37  3:36  Supply Depot  
  37  3:41  Siege Tank  
  37  3:43  SCV  
  41  3:53  Marine  
  41  3:54  Marine  
  43  3:55  SCV  
  43  3:59  Supply Depot  
  44  4:08  SCV  
  45  4:12  Marine x2  
  45  4:14  Banshee  
  45  4:17  Siege Tank  
  53  4:22  Supply Depot  
  53  4:24  SCV  
  54  4:33  Marine x2  
  56  4:43  SCV  
  57  4:59  Marine x2  
  59  5:14  Siege Tank  
  59  5:15  Banshee  
  59  5:17  Marine x2, SCV  
  68  5:24  Supply Depot  
  60  5:29  SCV  
  58  5:44  Marine x2  
  58  5:46  Siege Tank  
  62  5:57  Banshee  
  62  6:02  Marine x2  
  62  6:18  Siege Tank  
  62  6:20  Marine x2  
  61  6:38  Marine x2  
  61  6:39  Command Center  
  63  6:40  Banshee  
  63  6:43  Factory  
  63  6:46  Factory  
  66  6:58  SCV  
  52  7:08  Marine x2  
  52  7:10  SCV, Siege Tank  
  58  7:26  SCV  
  59  7:32  Marine x2  
  61  7:37  Supply Depot  
  61  7:38  SCV  
  61  7:42  Supply Depot  
  62  7:56  Marine x2  
  64  8:01  Supply Depot  
  64  8:02  Factory Tech Lab  
  64  8:03  Factory Tech Lab  
  63  8:06  Supply Depot  
  57  8:13  Marine  
  57  8:14  Marine  
  52  8:29  SCV  
  52  8:30  SCV  
  54  8:38  Marine  
  54  8:39  Marine  
  54  8:40  Siege Tank x2  
  62  8:42  Banshee  
  62  8:46  SCV x2  
  67  9:03  Refinery  
  67  9:05  Refinery  
  67  9:06  Marine  
  67  9:07  Marine  
  69  9:11  Command Center  
  69  9:21  Engineering Bay  
  69  9:28  Armory  
  69  9:31  Armory  
  69  9:34  Marine  
  69  9:35  Marine, Supply Depot  
  71  9:52  Marine  
  71  9:53  Marine  
  71  9:58  Supply Depot  
  73  10:05  Siege Tank x2  
  79  10:10  Marine  
  79  10:11  Marine  
  81  10:21  SCV x2  
  81  10:22  Supply Depot  
  81  10:25  Siege Tank  
  81  10:28  Marine x2  
  86  10:33  Planetary Fortress  
  88  10:37  Siege Tank  
  88  10:40  SCV x2  
  93  10:48  Marine x2  
  98  10:50  Siege Tank  
  98  10:52  SCV x2  
  100  10:57  Supply Depot  
  100  11:01  Supply Depot  
  100  11:05  Supply Depot  
  100  11:08  SCV x2  
  100  11:11  Terran Infantry Weapons Level 1  
  102  11:13  Terran Vehicle Weapons Level 1  
  102  11:15  Terran Vehicle And Ship Armor Level 1  
  102  11:20  SCV x2  
  104  11:26  Marine  
  104  11:27  Marine  
  104  11:28  Siege Tank  
  109  11:37  Supply Depot  
  112  11:40  Siege Tank  
  112  11:44  Marine x2  
  114  11:57  Siege Tank  
  114  12:00  Siege Tank  
  120  12:02  Marine x2  
  122  12:14  Siege Tank  
  125  12:19  SCV x2  
  127  12:24  Orbital Command  
  127  12:30  Marine  
  127  12:31  Marine  
  129  12:46  Thor  
  135  12:55  SCV x2  
  137  13:02  Refinery  
  137  13:03  Refinery  
  137  13:05  Terran Infantry Armor Level 1  
  137  13:08  Terran Vehicle Weapons Level 2, Command Center  
  137  13:19  Refinery  
  137  13:23  Refinery  
  137  13:24  Marine x2  
  137  13:26  Thor x2  
  153  13:47  Marine x2  
  153  13:50  Thor  
  159  13:56  Terran Vehicle And Ship Armor Level 2  
  159  14:08  Factory  
  159  14:10  Factory  
  159  14:18  Thor  
  165  14:39  SCV x2  
  165  14:43  Planetary Fortress  
  167  14:54  SCV x2  
  167  14:58  Factory Tech Lab  
  169  15:00  Factory Tech Lab  
  169  15:02  Marine x2  
  169  15:03  Thor x3  
  186  15:26  SCV  
  186  15:27  SCV  
Show
View Real Time Build Order
Export as new Build Order

StArKiiLL Protoss 

Build Orders:  

Get SALT Encoding   

  12  0:01  Probe  
  13  0:14  Pylon  
  13  0:17  Probe  
  14  0:29  Probe  
  15  0:36  Gateway  
  15  0:40  Probe  
  16  0:48  Probe, Assimilator  
  16  0:56  Probe  
  17  1:03  Gateway  
  18  1:08  Probe  
  19  1:25  Cybernetics Core  
  19  1:27  Zealot  
  21  1:35  Probe, Pylon  
  22  1:43  Probe  
  22  1:44  Assimilator  
  23  1:53  Zealot  
  23  1:54  Zealot  
  27  2:07  Warp Gate  
  27  2:11  Probe  
  28  2:24  Gateway  
  28  2:31  Robotics Facility  
  28  2:36  Stalker  
  30  2:51  Pylon  
  30  3:04  Stalker  
  30  3:09  Stalker x2  
  36  3:34  Pylon  
  36  3:35  Stalker  
  38  4:02  Immortal  
  42  4:19  Pylon  
  42  4:23  Pylon  
  32  4:52  Stalker x3  
  34  4:57  Immortal  
  38  5:20  Stalker, Nexus  
  40  5:40  Stalker x2  
  44  5:45  Observer  
  39  6:15  Stalker x3  
  41  6:33  Forge  
  41  6:43  Stalker x3  
  27  7:14  Stalker x3  
  29  7:38  Stalker x3  
  23  8:48  Stalker x2  
  23  8:49  Stalker  
  23  8:52  Immortal  
  33  9:03  Nexus  
  33  9:24  Stargate  
  33  9:31  Stalker  
  35  9:53  Protoss Ground Weapons Level 1  
  35  10:12  Probe  
  36  10:15  Probe  
  36  10:21  Probe  
  37  10:23  Void Ray  
  37  10:24  Probe  
  39  10:29  Probe  
  39  10:32  Probe  
  44  10:38  Probe  
  46  10:47  Stalker x2  
  50  10:57  Probe  
  50  10:58  Probe  
  52  11:04  Assimilator  
  52  11:09  Probe  
  52  11:10  Probe  
  54  11:19  Zealot x3  
  60  11:26  Twilight Council  
  60  11:34  Pylon  
  60  11:37  Probe, Pylon  
  60  11:38  Probe  
  62  11:44  Assimilator  
  62  11:54  Zealot x3  
  62  11:58  Void Ray  
  72  12:15  Protoss Ground Weapons Level 2  
  72  12:22  Zealot  
  72  12:23  Zealot  
  76  12:42  Pylon  
  77  12:44  Observer  
  77  12:57  Pylon  
  77  12:58  Charge  
  77  13:06  Zealot x2  
  77  13:07  Zealot  
  83  13:31  Stalker x3  
  89  13:39  Probe  
  90  13:51  Probe  
  90  13:53  Nexus  
  90  13:54  Forge  
  91  13:56  Forge  
  91  13:57  Oracle  
  94  14:14  Protoss Ground Weapons Level 3  
  94  14:27  Protoss Shields Level 1, Protoss Ground Armor Level 1  
  91  15:48  Stalker x3  
  97  16:41  Pylon  
  97  16:42  Pylon  
  97  16:45  Pylon  
Tags
 
Add a new tag
Caveats
  • Supply blocks, unpowered buildings, or Contaminate may cause inaccurate times.
  • Supply counts are checked every 10 seconds.